[ AOE2 MATCH · #507378411 ]
UnrankedMongols vs Japanese
Player's team · LOSS
Rival team · WIN
[ REPLAY ANALYSIS · EXTRACTED FROM THE RECORDED GAME ]
Feudal
10:58
Castle
21:56
Imperial
39:35
| APM avg | 27.6 |
| APM peak | 74 |
| eAPM avg | 15.8 |
| Villagers / military | 53 / 79 |
Focus
⚔️ 31.5% · 🌾 68.5%
Knight ×23 · Archer ×16 · Scout Cavalry ×13 · Militia ×5 · Battering Ram ×5 · Scorpion ×4
Feudal
11:05
Castle
23:58
Imperial
45:54
| APM avg | 51.8 |
| APM peak | 93 |
| eAPM avg | 25.4 |
| Villagers / military | 117 / 112 |
Focus
⚔️ 26.5% · 🌾 73.5%
Spearman ×63 · Skirmisher ×24 · Fishing Ship ×15 · Samurai ×11 · Archer ×9 · Galley ×3
Match map
Initial resources + every placement click. Lines = walls · curves = elevation contours. ◆ gold · ⬟ stone · ● berries · ✦ relic · ◌ wall gap
Your base· Open — unwalled flank
Joxer The Mighty's base· Open — unwalled flank
Smoothed initial terrain · ◌ = detected wall gap · hover for details
Inputs per minute
— CapoT - - Joxer The Mighty
Build order — CapoT
First 150 of 219 actions detected
| 0:01 | Queue | Villager (Male) |
| 0:01 | Queue | Villager (Male) |
| 0:03 | Build | House |
| 0:05 | Build | House |
| 0:20 | Queue | Villager (Male) |
| 0:21 | Queue | Villager (Male) |
| 1:39 | Queue | Villager (Male) |
| 1:45 | Queue | Villager (Male) |
| 1:52 | Build | Lumber Camp |
| 1:58 | Queue | Villager (Male) |
| 2:28 | Queue | Villager (Male) |
| 3:18 | Queue | Villager (Male) |
| 3:38 | Queue | Villager (Male) |
| 3:50 | Build | House |
| 4:07 | Queue | Villager (Male) |
| 4:07 | Queue | Villager (Male) |
| 4:30 | Build | Barracks |
| 4:49 | Queue | Villager (Male) |
| 4:57 | Build | House |
| 5:02 | Queue | Villager (Male) |
| 5:08 | Queue | Villager (Male) |
| 5:13 | Queue | Militia |
| 5:14 | Queue | Militia |
| 5:30 | Queue | Villager (Male) |
| 6:18 | Build | House |
| 6:26 | Queue | Villager (Male) |
| 6:26 | Queue | Villager (Male) |
| 6:33 | Build | Mill |
| 7:25 | Queue | Villager (Male) |
| 7:41 | Queue | Villager (Male) |
| 7:45 | Build | House |
| 8:02 | Research | Loom |
| 8:05 | Build | Mining Camp |
| 8:26 | Build | Farm |
| 8:26 | Build | Farm |
| 8:38 | Research | Feudal Age |
| 9:04 | Queue | Militia |
| 9:31 | Queue | Militia |
| 9:44 | Queue | Villager (Male) |
| 10:26 | Queue | Militia |
| 10:58 | Age | Feudal Age |
| 11:03 | Research | Man-at-Arms (upgrade) |
| 11:04 | Research | Double-Bit Axe |
| 11:35 | Queue | Villager (Male) |
| 11:37 | Build | Farm |
| 11:41 | Build | Farm |
| 11:42 | Build | Farm |
| 12:38 | Queue | Villager (Male) |
| 12:38 | Queue | Villager (Male) |
| 12:40 | Build | Farm |
| 13:07 | Build | Archery Range |
| 13:09 | Build | Archery Range |
| 13:13 | Build | Farm |
| 13:15 | Queue | Villager (Male) |
| 13:30 | Build | Blacksmith |
| 14:29 | Queue | Archer |
| 14:30 | Queue | Archer |
| 14:34 | Queue | Villager (Male) |
| 14:35 | Build | Farm |
| 14:37 | Build | Farm |
| 14:44 | Queue | Archer |
| 14:45 | Queue | Archer |
| 14:48 | Queue | Villager (Male) |
| 15:06 | Queue | Archer |
| 15:07 | Queue | Archer |
| 15:22 | Queue | Villager (Male) |
| 15:24 | Queue | Villager (Male) |
| 15:26 | Build | House |
| 15:28 | Build | House |
| 15:34 | Queue | Spearman |
| 15:38 | Build | House |
| 15:42 | Build | House |
| 15:54 | Research | Wheelbarrow |
| 16:00 | Queue | Archer |
| 16:11 | Research | Fletching |
| 16:15 | Queue | Villager (Male) |
| 16:19 | Build | Farm |
| 17:45 | Queue | Villager (Male) |
| 17:46 | Queue | Villager (Male) |
| 17:52 | Build | Farm |
| 17:55 | Build | Stable |
| 17:58 | Build | Stable |
| 18:38 | Build | Farm |
| 18:40 | Queue | Villager (Male) |
| 19:16 | Research | Castle Age |
| 19:24 | Build | Farm |
| 19:24 | Build | Farm |
| 19:26 | Build | Farm |
| 19:28 | Build | Farm |
| 20:25 | Research | Scale Barding Armor |
| 20:27 | Research | Bloodlines |
| 20:32 | Build | Stable |
| 20:38 | Build | Farm |
| 20:42 | Build | Farm |
| 20:47 | Build | Lumber Camp |
| 21:10 | Build | House |
| 21:14 | Build | House |
| 21:32 | Build | House |
| 21:43 | Research | Forging |
| 21:56 | Age | Castle Age |
| 21:59 | Queue | Knight |
| 21:59 | Queue | Knight |
| 22:00 | Queue | Knight |
| 22:04 | Queue | Villager (Male) |
| 22:09 | Research | Chain Barding Armor |
| 22:15 | Queue | Knight |
| 22:18 | Queue | Knight |
| 22:19 | Queue | Knight |
| 22:37 | Queue | Villager (Male) |
| 22:41 | Queue | Knight |
| 22:54 | Queue | Villager (Male) |
| 23:00 | Queue | Knight |
| 23:06 | Build | Siege Workshop |
| 23:11 | Queue | Villager (Male) |
| 23:48 | Queue | Battering Ram |
| 24:33 | Queue | Battering Ram |
| 25:43 | Queue | Villager (Male) |
| 25:43 | Queue | Villager (Male) |
| 25:48 | Queue | Cavalry Archer |
| 25:48 | Queue | Cavalry Archer |
| 25:56 | Queue | Knight |
| 25:57 | Queue | Knight |
| 25:57 | Queue | Knight |
| 26:17 | Build | House |
| 26:28 | Build | House |
| 26:30 | Queue | Villager (Male) |
| 26:31 | Queue | Villager (Male) |
| 26:45 | Build | House |
| 27:44 | Queue | Scorpion |
| 27:45 | Queue | Scorpion |
| 27:53 | Queue | Camel Scout |
| 27:53 | Queue | Camel Scout |
| 27:54 | Queue | Camel Scout |
| 27:56 | Queue | Knight |
| 27:57 | Queue | Knight |
| 27:57 | Queue | Knight |
| 29:02 | Queue | Villager (Male) |
| 29:03 | Queue | Villager (Male) |
| 29:03 | Queue | Villager (Male) |
| 30:55 | Queue | Battering Ram |
| 31:03 | Build | Lumber Camp |
| 31:05 | Queue | Villager (Male) |
| 31:05 | Queue | Villager (Male) |
| 31:09 | Queue | Knight |
| 31:09 | Queue | Knight |
| 31:09 | Queue | Knight |
| 31:10 | Queue | Knight |
| 31:10 | Queue | Knight |
| 31:10 | Queue | Knight |
| 31:11 | Queue | Knight |
Build order — Joxer The Mighty
First 150 of 312 actions detected
| 0:00 | Queue | Villager (Male) |
| 0:00 | Queue | Villager (Male) |
| 0:00 | Queue | Villager (Male) |
| 0:00 | Queue | Villager (Male) |
| 0:00 | Queue | Villager (Male) |
| 0:02 | Build | House |
| 0:03 | Build | House |
| 1:25 | Queue | Villager (Male) |
| 1:25 | Queue | Villager (Male) |
| 1:25 | Queue | Villager (Male) |
| 1:25 | Queue | Villager (Male) |
| 1:48 | Build | Lumber Camp |
| 2:10 | Queue | Villager (Male) |
| 2:10 | Queue | Villager (Male) |
| 2:10 | Queue | Villager (Male) |
| 2:19 | Queue | Villager (Male) |
| 2:19 | Queue | Villager (Male) |
| 2:19 | Queue | Villager (Male) |
| 2:49 | Queue | Villager (Male) |
| 2:49 | Queue | Villager (Male) |
| 2:49 | Queue | Villager (Male) |
| 2:49 | Queue | Villager (Male) |
| 3:05 | Queue | Villager (Male) |
| 3:06 | Queue | Villager (Male) |
| 3:06 | Queue | Villager (Male) |
| 3:06 | Queue | Villager (Male) |
| 3:37 | Build | House |
| 3:38 | Build | House |
| 3:40 | Queue | Villager (Male) |
| 3:40 | Queue | Villager (Male) |
| 3:40 | Queue | Villager (Male) |
| 3:40 | Queue | Villager (Male) |
| 3:40 | Queue | Villager (Male) |
| 3:49 | Queue | Villager (Male) |
| 3:49 | Queue | Villager (Male) |
| 3:50 | Queue | Villager (Male) |
| 3:50 | Queue | Villager (Male) |
| 4:24 | Build | Dock |
| 4:35 | Queue | Villager (Male) |
| 4:35 | Queue | Villager (Male) |
| 4:35 | Queue | Villager (Male) |
| 4:35 | Queue | Villager (Male) |
| 4:35 | Queue | Villager (Male) |
| 4:47 | Build | House |
| 5:17 | Queue | Villager (Male) |
| 5:17 | Queue | Villager (Male) |
| 5:17 | Queue | Villager (Male) |
| 5:17 | Queue | Villager (Male) |
| 5:31 | Research | Loom |
| 5:52 | Queue | Fishing Ship ×2 |
| 6:10 | Queue | Villager (Male) |
| 6:10 | Queue | Villager (Male) |
| 6:10 | Queue | Villager (Male) |
| 6:40 | Queue | Villager (Male) |
| 6:40 | Queue | Villager (Male) |
| 6:40 | Queue | Villager (Male) |
| 6:40 | Queue | Villager (Male) |
| 6:50 | Build | House |
| 7:04 | Build | House |
| 7:10 | Build | House |
| 7:42 | Queue | Fishing Ship |
| 7:47 | Build | Palisade Wall |
| 7:56 | Queue | Villager (Male) |
| 7:56 | Queue | Villager (Male) |
| 8:48 | Build | Mining Camp |
| 8:56 | Research | Feudal Age |
| 9:23 | Queue | Villager (Male) |
| 9:23 | Queue | Villager (Male) |
| 9:29 | Queue | Fishing Ship |
| 9:29 | Queue | Fishing Ship |
| 9:52 | Build | Barracks |
| 10:52 | Build | House |
| 11:03 | Build | House |
| 11:05 | Age | Feudal Age |
| 11:10 | Research | Double-Bit Axe |
| 11:20 | Build | Watch Tower |
| 11:26 | Queue | Spearman |
| 11:32 | Build | Archery Range |
| 11:48 | Build | House |
| 12:13 | Build | Watch Tower |
| 12:18 | Queue | Villager (Male) |
| 12:18 | Queue | Villager (Male) |
| 12:28 | Queue | Archer |
| 12:28 | Queue | Archer |
| 13:00 | Build | Mining Camp |
| 13:14 | Queue | Skirmisher |
| 13:14 | Queue | Skirmisher |
| 13:15 | Queue | Skirmisher |
| 13:19 | Build | House |
| 13:25 | Build | Blacksmith |
| 13:36 | Build | House |
| 13:47 | Build | House |
| 14:22 | Queue | Villager (Male) |
| 14:22 | Queue | Villager (Male) |
| 14:22 | Queue | Villager (Male) |
| 14:22 | Queue | Villager (Male) |
| 14:22 | Queue | Villager (Male) |
| 14:59 | Build | Mill |
| 15:06 | Build | Lumber Camp |
| 15:13 | Research | Fletching |
| 15:37 | Queue | Galley |
| 15:58 | Build | Watch Tower |
| 16:16 | Build | Lumber Camp |
| 16:24 | Build | Dock |
| 16:30 | Queue | Villager (Male) |
| 16:30 | Queue | Villager (Male) |
| 16:31 | Queue | Villager (Male) |
| 16:35 | Queue | Fishing Ship |
| 16:50 | Build | House |
| 16:53 | Build | House |
| 17:12 | Build | Dock |
| 17:31 | Build | Watch Tower |
| 17:36 | Queue | Villager (Male) |
| 17:37 | Queue | Villager (Male) |
| 17:39 | Queue | Skirmisher |
| 17:39 | Queue | Skirmisher |
| 17:39 | Queue | Skirmisher |
| 17:46 | Research | Padded Archer Armor |
| 17:57 | Queue | Fishing Ship |
| 18:25 | Queue | Villager (Male) |
| 18:25 | Queue | Villager (Male) |
| 18:32 | Queue | Fishing Ship ×2 |
| 18:41 | Queue | Fishing Ship |
| 19:01 | Queue | Galley |
| 19:06 | Queue | Villager (Male) |
| 19:06 | Queue | Villager (Male) |
| 19:29 | Build | House |
| 19:30 | Build | House |
| 19:31 | Build | House |
| 19:40 | Queue | Fishing Ship |
| 19:41 | Queue | Galley |
| 20:31 | Build | Watch Tower |
| 20:42 | Build | Mining Camp |
| 21:01 | Queue | Villager (Male) |
| 21:18 | Research | Castle Age |
| 21:37 | Queue | Fishing Ship |
| 21:37 | Queue | Fishing Ship |
| 21:40 | Build | House |
| 21:42 | Build | House |
| 21:43 | Build | House |
| 21:44 | Build | House |
| 21:54 | Queue | Villager (Male) |
| 21:54 | Queue | Villager (Male) |
| 21:54 | Queue | Villager (Male) |
| 21:58 | Research | Horse Collar |
| 22:02 | Build | Farm |
| 22:02 | Build | Farm |
| 22:03 | Build | Farm |
| 22:03 | Build | Farm |
| 22:03 | Build | Farm |
Match timeline
| 4:24 | Joxer The Mighty · first_building Dock |
| 4:30 | CapoT · first_building Barracks |
| 7:47 | Joxer The Mighty · wall_segment Palisade Wall x7 |
| 9:52 | Joxer The Mighty · first_building Barracks |
| 10:58 | CapoT · age_up feudal |
| 11:05 | Joxer The Mighty · age_up feudal |
| 11:32 | Joxer The Mighty · first_building Archery Range |
| 13:07 | CapoT · first_building Archery Range |
| 17:55 | CapoT · first_building Stable |
| 21:56 | CapoT · age_up castle |
| 23:06 | CapoT · first_building Siege Workshop |
| 23:58 | Joxer The Mighty · age_up castle |
| 26:33 | Joxer The Mighty · first_building Castle |
| 32:23 | Joxer The Mighty · first_building Monastery |
| 36:22 | CapoT · first_market_sell 500 food |
| 39:06 | CapoT · first_building Castle |
| 39:35 | CapoT · age_up imperial |
| 45:54 | Joxer The Mighty · age_up imperial |
| 46:03 | CapoT · resign |
[ AI ANALYSIS · 1 CREDIT ]
What really happened in this match?
Wolo.gg analyzes every decision: build order, eco, micro, common mistakes by bracket. Personalized analysis on WhatsApp or Discord in 30 seconds.
Civ guide
Mongols
Perfil
Jugador #4211768